 Dungeon Crawl Stone Soup version 0.32-a0-768-g0f6f1dd4b9 (webtiles) character file.

Game seed: 6563533711347515003

66683 djent the Fighter (level 14, -1/108 HPs)
             Began as a Demonspawn Fighter on Mar 17, 2024.
             Was the Champion of Hepliaklqana.
             Succumbed to a sea snake's poison
             ... on level 1 of the Shoals on Mar 18, 2024.
             The game lasted 01:31:01 (20787 turns).

djent the Fighter (Demonspawn Fighter)             Turns: 20787, Time: 01:31:02

Health: -1/108     AC: 21    Str: 22    XL:     14   Next: 80%
Magic:  3/18       EV: 12    Int:  8    God:    Hepliaklqana [******]
Gold:   1146       SH:  7    Dex: 22    Spells: 13/13 levels left

rFire   . . .        n - +8 autumn katana {manifold assault, lol}
rCold   . . .        c - +1 buckler
rNeg    . . .        w - +5 chain mail of Vuanwat {rElec Dex+3, lol}
rPois   .            (helmet unavailable)
rElec   +            N - +2 cloak
rCorr   .            s - +0 pair of gloves
SInv    +            (boots unavailable)
Will    +....        r - amulet of guardian spirit Stlth
                     v - +6 ring of dexterity
HPRegen 0.38/turn    (no ring)
MPRegen 0.16/turn

%: guardian spirit
@: lethally poisoned (-1 -> -23), wreathed by umbra
A: reduced essence, antennae 3, claws 1, hooves 3, demonic guardian 1, foul
shadow 2
a: Renounce Religion, Recall Ancestor, Ancestor Identity, Transference, Idealise


You were on level 1 of the Shoals.
You worshipped Hepliaklqana.
Hepliaklqana was exalted by your worship.
You visited 6 branches of the dungeon, and saw 22 of its levels.
You also visited: Ossuary.

You collected 2042 gold pieces.
You spent 896 gold pieces at shops.

Inventory:

Hand Weapons
 n - the +8 autumn katana (weapon) {manifold assault, lol}
   (You found it on level 3 of the Dungeon)
 F - the +2 Maxwell's thermic engine {flame, freeze, rev, lol}
   (You acquired it on level 1 of the Dungeon)
Missiles
 a - 8 javelins
 k - 9 atropa-tipped darts
 q - 2 curare-tipped darts (quivered)
 C - 41 poisoned darts
Armour
 c - a +1 buckler (worn)
 f - a +0 barding {lol}
 i - the +2 scale mail "Vaoguir" {Rampage *Corrode Int+6}
   (You bought it in a shop on level 2 of the Orcish Mines)

   Int+6:     It affects your intelligence (+6).
   *Corrode:  It may corrode you when you take damage.
   Rampage:   It bestows one free step when moving towards enemies.
 m - a +2 barding {lol}
 s - a +0 pair of gloves (worn)
 w - the +5 chain mail of Vuanwat (worn) {rElec Dex+3, lol}
   (You found it on level 3 of the Dungeon)

   Dex+3:     It affects your dexterity (+3).
   rElec:     It insulates you from electricity.
 N - a +2 cloak (worn)
 O - a +1 ring mail of fire resistance
 R - the orb of the Fisher {guile, Rampage MP+9 Str+2, lol}
   (You found it on level 10 of the Dungeon)

   Str+2:     It affects your strength (+2).
   MP+9:      It affects your magic capacity (+9).
   Rampage:   It bestows one free step when moving towards enemies.
 T - a +0 tower shield {lol}
 V - a +1 barding {lol}
 Y - a +2 leather armour of cold resistance
Jewellery
 h - a ring of fire
 r - an amulet of guardian spirit (around neck)
 v - a +6 ring of dexterity (left hand)
 x - an amulet of reflection
 E - an amulet of magic regeneration
Wands
 y - a wand of quicksilver (7)
 D - a wand of polymorph (12)
 M - a wand of flame (27)
 P - a wand of digging (3)
 X - a wand of warping (21)
Scrolls
 e - 4 scrolls of teleportation
 g - 3 scrolls of identify
 t - 4 scrolls of fog
 z - 2 scrolls of immolation
 L - a scroll of poison
 Q - 2 scrolls of revelation
 U - 2 scrolls of silence
Potions
 b - a potion of resistance
 d - 2 potions of might
 j - a potion of ambrosia
 l - 3 potions of berserk rage
 o - 4 potions of curing
 p - 3 potions of brilliance
 u - 4 potions of magic
 B - 3 potions of lignification
 G - 3 potions of cancellation
 H - 3 potions of mutation
 K - 4 potions of attraction
 Z - 2 potions of haste


   Skills:
 + Level 14.6 Fighting
 + Level 13.3 Long Blades
 - Level 4.2 Axes
 - Level 2.5 Throwing
 - Level 10.8 Armour
 + Level 7.8 Dodging
 - Level 7.0 Shields
 - Level 6.0 Invocations
 - Level 3.0 Evocations


You had 13 spell levels left.
You didn't know any spells.
Your spell library contained the following spells:

 Spells                   Type           Power      Damage    Failure   Level
 Slow                     Hex            0%         N/A       94%         1
 Summon Small Mammal      Summ           0%         N/A       94%         1
 Lesser Beckoning         Tloc           0%         N/A       98%         2
 Call Canine Familiar     Summ           0%         N/A       100%        3
 Confusing Touch          Hex            0%         N/A       100%        3
 Dazzling Flash           Conj/Hex       0%         N/A       100%        3
 Gell's Gravitas          Tloc           0%         N/A       100%        3
 Mephitic Cloud           Conj/Alch/Air  0%         N/A       100%        3
 Teleport Other           Tloc           0%         N/A       100%        3
 Tukima's Dance           Hex            0%         N/A       100%        3
 Vampiric Draining        Necr           0%         2d6       100%        3
 Dimensional Bullseye     Hex/Tloc       0%         N/A       100%        4
 Ignite Poison            Fire/Alch      0%         N/A       100%        4
 Iskenderun's Mystic Bla  Conj/Tloc      0%         2d3       100%        4
 Sticky Flame             Fire/Alch      0%         2d4       100%        4
 Summon Blazeheart Golem  Fire/Summ      0%         N/A       100%        4
 Curse of Agony           Necr           0%         N/A       100%        5
 Silence                  Hex/Air        0%         N/A       100%        5
 Ignition                 Fire           0%         3d3       100%        8


Dungeon Overview and Level Annotations

Branches:
Dungeon (12/15)            Temple (1/1) D:5            Lair (5/5) D:10
 Shoals (1/4) Lair:2        Snake (1/4) Lair:2        Slime (0/5) Lair:4
    Orc (2/2) D:11            Elf (0/3) Orc:2       Ossuary (visited)

Altars:
Ashenzari
Cheibriados
Dithmenos
Fedhas
Gozag
Hepliaklqana
Kikubaaqudgha
Makhleb
Nemelex Xobeh
Okawaru
Qazlal
Ru
Sif Muna
Trog
Uskayaw
Vehumet
Wu Jian
Xom
Yredelemnul
Beogh

Shops:
D:1 (=?[   D:5 *   D:6 [   D:8 [   D:9 =[   D:12 *   Orc:2 ?(:[

Annotations:
D:5 2 transporters, souperman1983's ghost, novice MiFi
D:7 exclusions: sensed monster (detected) and 2 more exclusions
D:9 2 transporters, DeathSocks's ghost, novice DsNe
D:10 exclusions: door and 2 sensed monsters (detected)
Lair:2 1 runed translucent door, exclusion: 4 doors, Larett's ghost, journeyman MiBe


Innate Abilities, Weirdness & Mutations

Your life essence is reduced to manifest your ancestor. (-10% HP)
You have a pair of large antennae on your head. (SInv)
You have sharp fingernails.
You have hooves in place of feet.
A weak demonic guardian rushes to your aid.
You are shadowed, sometimes releasing foul flame when damaged in melee.


Message History

Blink to where?
Press: ? - help, Dir - move target
As you read the scroll of blinking, it crumbles to dust.
As you read the scroll of fog, it dissolves into smoke.
As you read the scroll of teleportation, it crumbles to dust.
You feel strangely unstable.
You slice the sea snake!! Your kick misses the sea snake.
The sea snake is moderately wounded.
Unknown command.
You slash the sea snake!
The sea snake is almost dead.
The sea snake bites you!
* * * LOW HITPOINT WARNING * * *
You are lethally poisoned!
The sea snake poisons you!
Unknown command.
You hit the sea snake.
You kill the sea snake!
Your surroundings suddenly seem different. 3 sea snakes come into view.
* * * LOW HITPOINT WARNING * * *
You feel very sick.
The sea snake hisses angrily.
The sea snake bites you but does no damage.
Enter note: that's it then
Enter note: tele'd away from 2 sea snakes into two sea snakes deadly poisoned Blink to where?
Press: ? - help, Dir - move target 2 sea snakes come into view.
As you read the scroll of blinking, it crumbles to dust.
* * * LOW HITPOINT WARNING * * *
You feel very sick.
The sea snake hisses angrily.
A nearby plant withers and dies.
A sea snake comes into view.
Blink to where?
Press: ? - help, Dir - move target
As you read the scroll of blinking, it crumbles to dust.
You die...
Hepliaklqana delivers you to your ancestors.

PP.~~~..§§§§§..................##
~.......§§#§§....~~..S.§.......#
~~..P....{###....~~~....##..##.
~.P.....§## #...~~~~..).# .#
~........m###.~~~~......#
...##..........~........# ..
#..........~........# .
#~~.~S~~..~~...##..P.
....≈≈≈~....~.@..###...
.....~≈≈~###.~.........
~...(≈≈≈~##...###......
~~..~~≈≈~.....##.......
~~~~~~~~~~..~.......~~~
~~~~~~~......~~~~~~
~~~~~........~~~~~~~≈~PP≈≈
~~~~~...~~...~~~~~~≈≈≈≈≈≈≈≈≈
≈≈~~~.~...........~~≈≈≈≈≈≈≈≈≈≈≈≈≈


You could see 2 sea snakes and a merfolk aquamancer (wandering).

Vanquished Creatures
  Jorgrun (Shoals:1)
  Gastronok (D:8)
  Nessos (Orc:2)
  A merfolk impaler (Shoals:1)
  2 hydras
  2 centaur warriors
  A merfolk aquamancer (Shoals:1)
  A boulder beetle (D:12)
  A two-headed ogre (D:10)
  Sonja (Lair:2)
  A naga sharpshooter (Snake:1)
  Amaemon (Lair:1)
  3 skysharks
  5 sea snakes (Shoals:1)
  Pikel (D:5)
  2 orc knights (Orc:1)
  5 cyclopes
  3 manticores (Shoals:1)
  5 elephants (Lair:5)
  3 kobold blastminers (Orc:2)
  5 black mambas
  15 cane toads
  9 komodo dragons
  4 rime drakes
  2 merfolk (Shoals:1)
  7 trolls
  A polar bear (Lair:3)
  A hornet (D:7)
  Prince Ribbit (D:5)
  Grinder (D:5)
  A wind drake (Shoals:1)
  14 blink frogs
  3 slime creatures (D:12)
  A centaur simulacrum (D:11)
  Sigmund (D:2)
  2 shadows
  Grum (D:10)
  37 yaks
  A water elemental (Shoals:1)
  2 wraiths
  7 wyverns
  A basilisk (Lair:2)
  2 vampire mosquitoes (D:8)
  A naga (Lair:2)
  Menkaure (D:5)
  An acid dragon (D:9)
  9 water moccasins
  Duvessa (D:5)
  2 ice beasts
  21 orc warriors
  A sky beast (D:6)
  2 laughing skulls (D:12)
  4 black bears
  22 wolves
  A boggart (Lair:5)
  10 centaurs
  6 ogres
  A lemure (D:5)
  A phantom (D:7)
  A kobold brigand (D:7)
  16 bullfrogs
  2 scorpions
  A water moccasin zombie (Ossuary)
  A wight (Ossuary)
  Dowan (D:5)
  17 killer bees
  3 electric eels
  3 howler monkeys
  A bullfrog zombie (Ossuary)
  4 centaur zombies (Ossuary)
  A bombardier beetle (D:5)
  7 jellies
  12 orc priests
  Jessica (D:2)
  3 iguanas
  2 scorpion zombies (Ossuary)
  17 orc wizards
  2 sleepcaps
  Terence (D:3)
  A killer bee zombie (D:8)
  2 ogre zombies (Ossuary)
  Robin (D:2)
  A river rat (D:10)
  7 adders
  12 gnolls
  A shadow imp (D:5)
  7 white imps
  3 ufetubi (D:6)
  4 adder zombies (Ossuary)
  3 ribbon worms
  2 dart slugs
  58 orcs
  6 bats
  6 endoplasms
  4 giant cockroaches
  A gnoll zombie (Ossuary)
  11 goblins
  12 hobgoblins
  3 jackals (D:3)
  2 quokkas
  7 ball pythons
  5 frilled lizards (D:1)
  6 goblin zombies (Ossuary)
  3 hobgoblin zombies (Ossuary)
  11 kobolds
  6 orc zombies (Ossuary)
  4 rats
529 creatures vanquished.

Vanquished Creatures (collateral kills)
  An ice dragon (Lair:4)
  A catoblepas (Lair:5)
  Urug (Lair:2)
  Nergalle (Lair:1)
  A lindwurm (Lair:4)
  2 orc knights
  3 elephants (Lair:5)
  An orange demon (Lair:1)
  A black mamba (Lair:3)
  A cane toad (Lair:4)
  A rime drake (Lair:3)
  2 komodo dragons (Lair:2)
  2 polar bears (Lair:5)
  A merfolk (Shoals:1)
  A troll (Orc:1)
  2 blink frogs (Lair:1)
  7 yaks
  A basilisk (Lair:5)
  A steam dragon (Lair:3)
  Eustachio (D:5)
  A vampire mosquito (D:8)
  3 nagas
  A water moccasin (Lair:3)
  A black bear (Lair:5)
  9 orc warriors (Orc:2)
  A hornet zombie (D:8)
  3 wolves
  2 centaurs (Orc:2)
  2 killer bees
  A bombardier beetle (D:5)
  A gnoll bouda (D:9)
  A jelly (Lair:4)
  3 orc wizards
  An ufetubus (D:6)
  10 orcs
  An endoplasm (Lair:4)
73 creatures vanquished.

Vanquished Creatures (others)
  Maurice (Orc:2)
  4 hexers
  An orc wizard (D:8)
  An ancestor (D:7)
7 creatures vanquished.

Grand Total: 609 creatures vanquished

Notes
Turn   | Place    | Note
-------+----------+-------------------------------------------
     0 | D:1      | djent the Demonspawn Fighter began the quest for the Orb.
     0 | D:1      | Reached XP level 1. HP: 18/18 MP: 1/1
    11 | D:1      | Found Zateahet's Weapon Boutique.
   182 | D:1      | Gained mutation: You are faintly shadowed, very rarely
                  | releasing foul flame when damaged in melee. [demonic
                  | ancestry]
   182 | D:1      | Reached XP level 2. HP: 19/24 MP: 2/2
   329 | D:1      | Found The Oracle's Delphic Readings.
   391 | D:1      | Found Anarif's Armour Emporium.
   477 | D:1      | Gained mutation: You are shadowed, sometimes releasing foul
                  | flame when damaged in melee. [demonic ancestry]
   477 | D:1      | Reached XP level 3. HP: 28/29 MP: 3/3
   482 | D:1      | Found a faded altar of an unknown god.
   499 | D:1      | Found Carpheigok's Jewellery Shop.
   506 | D:1      | what the fuck is this D:1
   506 | D:1      | a barding, 4 shops
   772 | D:2      | Noticed Sigmund
   773 | D:2      | wow instant death, really cool
   773 | D:2      | the 1 turn I see Sigmund, he gets a confuse off on me
   773 | D:2      | also, fucking D:2 Sigmund
   775 | D:2      | LMFAO
   775 | D:2      | blind quaff cancellation(?) and Sigmund instantly confuses
                  | me again
   785 | D:2      | Killed Sigmund
   786 | D:2      | Reached skill level 4 in Fighting
   786 | D:2      | Discovered your monstrous ancestry.
   786 | D:2      | Gained mutation: You have a pair of small antennae on your
                  | head. [demonic ancestry]
   786 | D:2      | Reached XP level 4. HP: 37/37 MP: 4/4
   786 | D:2      | Gained mutation: You have a pair of antennae on your head.
                  | [demonic ancestry]
   786 | D:2      | Reached XP level 5. HP: 42/42 MP: 5/5
   852 | D:2      | Noticed Robin
   860 | D:2      | Killed Robin
  1116 | D:2      | Noticed Jessica
  1119 | D:2      | Killed Jessica
  1481 | D:3      | Found the +8 autumn katana {manifold assault}
  1490 | D:3      | WHAT THE FUCK IS THIS SEED
  1527 | D:3      | Reached XP level 6. HP: 48/48 MP: 6/6
  2003 | D:3      | Noticed Terence
  2009 | D:3      | Killed Terence
  2010 | D:3      | Reached skill level 1 in Long Blades
  2118 | D:3      | Identified the +5 chain mail of Vuanwat {rElec Dex+3}
  2194 | D:3      | this seed is goated
  2829 | D:4      | Reached XP level 7. HP: 37/55 MP: 7/7
  3186 | D:5      | Entered Level 5 of the Dungeon
  3188 | D:5      | lmao
  3188 | D:5      | D:5 Ogre directly adjacent to the staircase
  3193 | D:4      | lmao
  3193 | D:4      | terrible teleport
  3290 | D:5      | Reached skill level 5 in Shields
  3326 | D:5      | Found a staircase to the Ecumenical Temple.
  3342 | Temple   | Entered the Ecumenical Temple
  3356 | Temple   | Became a worshipper of Hepliaklqana the Forgotten
  3377 | D:5      | Noticed Pikel
  3385 | D:5      | Killed Pikel
  3386 | D:5      | Reached XP level 8. HP: 46/61 MP: 8/8
  3387 | D:5      | Found a sand-covered staircase.
  3422 | Ossuary  | Entered an ossuary
  3624 | Ossuary  | Noticed a silent spectre
  3713 | D:5      | Noticed Prince Ribbit
  3725 | D:5      | Noticed Menkaure
  3837 | D:6      | Found Ceqa's Antique Armour Shoppe.
  3918 | D:6      | Gained mutation: You have sharp fingernails. [demonic
                  | ancestry]
  3918 | D:6      | Reached XP level 9. HP: 62/66 MP: 9/9
  3935 | D:6      | Reached * piety under Hepliaklqana
  4473 | D:5      | Found a transporter.
  4474 | D:5      | Noticed souperman1983's ghost (novice MiFi)
  4476 | D:5      | Found a transporter.
  4476 | D:5      | Identified the +5 dire flail of Makhleb's Approval {speed,
                  | Str+3 Int+3 Dex-2}
  4607 | D:5      | Found Wov Ujem's General Store.
  4612 | D:5      | Bought 2 potions of curing for 78 gold pieces
  4627 | D:5      | Noticed Duvessa
  4632 | D:5      | Noticed Dowan
  4647 | D:5      | Killed Duvessa
  4652 | D:5      | Killed Dowan
  4738 | D:5      | Noticed Grinder
  4739 | D:5      | +2 helmet feelsbadman
  4739 | D:5      | Found a hide-covered altar of Uskayaw.
  4745 | D:5      | Killed Grinder
  4861 | D:5      | Killed Menkaure
  4958 | D:1      | Bought a scroll of blinking for 75 gold pieces
  4958 | D:1      | Bought a scroll of identify for 20 gold pieces
  4958 | D:1      | Bought a scroll of blinking for 75 gold pieces
  5081 | D:5      | Identified the +1 chain mail "Ociky" {rF+ Int-2 Dex+5}
  5116 | D:5      | Killed Prince Ribbit
  5117 | D:5      | Reached skill level 5 in Fighting
  5182 | D:5      | Noticed Eustachio
  5192 | D:5      | Killed Eustachio
  5619 | D:7      | Noticed a two-headed ogre
  5621 | D:7      | hmm
  5621 | D:7      | D:7 two-headed ogre with two GSCs
  5624 | D:7      | F
  6251 | D:7      | Reached ** piety under Hepliaklqana
  6252 | D:7      | Remembered your ancestor Little Buddy as a hexer
  6457 | D:8      | D1 Barding, D:8 +1 barding
  6463 | D:8      | nagas in shambles
  6505 | D:8      | Gained mutation: You have large cloven feet. [demonic
                  | ancestry]
  6505 | D:8      | Reached XP level 10. HP: 59/68 MP: 10/10
  6610 | D:8      | Noticed Gastronok
  6613 | D:8      | 2d34 Airstrike is nasty
  6666 | D:8      | Reached skill level 6 in Fighting
  6710 | D:8      | Killed Gastronok
  6711 | D:8      | Reached skill level 10 in Long Blades
  6711 | D:8      | Reached skill level 5 in Armour
  6751 | D:8      | Found a basalt altar of Yredelemnul.
  6783 | D:8      | Found Runuttu's Armour Boutique.
  7503 | D:8      | Found a broken altar of Ashenzari.
  7506 | D:8      | Found a shimmering blue altar of Sif Muna.
  7530 | D:8      | autumn katana wrecks face
  7536 | D:8      | Reached skill level 7 in Fighting
  7729 | D:9      | Found a snail-covered altar of Cheibriados.
  7730 | D:9      | Found a blossoming altar of Fedhas.
  7742 | D:9      | Found Evvecu's Jewellery Shop.
  7756 | D:9      | Reached *** piety under Hepliaklqana
  7897 | D:9      | Gained mutation: You have hoof-like feet. [demonic
                  | ancestry]
  7897 | D:9      | Reached XP level 11. HP: 68/75 MP: 11/11
  7985 | D:9      | Noticed a centaur warrior
  7986 | D:9      | D:9 Centaur Warrior
  7996 | D:9      | Killed a centaur warrior
  8556 | D:9      | Found a transporter.
  8558 | D:9      | Noticed DeathSocks's ghost (novice DsNe)
  8572 | D:9      | Found a transporter.
  8627 | D:9      | Found Miovu's Armour Shoppe.
  8763 | D:9      | Found an opulent altar of Gozag.
  8812 | D:10     | Entered Level 10 of the Dungeon
  8898 | D:10     | Reached skill level 1 in Throwing
  9045 | D:10     | Noticed Grum
  9053 | D:10     | Killed Grum
  9121 | D:10     | Identified the orb of the Fisher {guile, Rampage MP+9
                  | Str+2}
  9163 | D:10     | Found a staircase to the Lair.
  9177 | D:10     | Reached skill level 8 in Fighting
  9227 | D:10     | Reached **** piety under Hepliaklqana
  9601 | D:10     | Reached skill level 1 in Invocations
  9663 | D:10     | Noticed a two-headed ogre
  9670 | D:10     | Killed a two-headed ogre
 10017 | Lair:1   | Entered Level 1 of the Lair of Beasts
 10172 | Lair:1   | Noticed an eight-headed hydra
 10173 | Lair:1   | L:1 8 Headed Hydra
 10175 | Lair:1   | Noticed Amaemon
 10177 | Lair:1   | L:1 Amaemon with orange demon
 10182 | Lair:1   | LMFAO
 10182 | Lair:1   | Tele away from 8 headed hydra, get tele'd to Amaemon. Tele
                  | away from Amaemon, get tele'd adjacent to the hydra again
 10492 | Lair:2   | Noticed Sonja
 10493 | Lair:2   | Why aren't demonspawns good at shapeshifting? They
                  | literally mutate all the time
 10661 | Lair:2   | terrifying
 10661 | Lair:2   | slowed and deadly poisoned next to a mamba
 10844 | Lair:2   | Found a runed translucent door.
 10844 | Lair:2   | Noticed a boulder beetle
 10845 | Lair:2   | Noticed Larett's ghost (journeyman MiBe)
 10893 | Lair:2   | you are shitting me
 10893 | Lair:2   | sonja warped me off the stairs as I was going up
 10958 | Lair:2   | Killed Sonja
 10959 | Lair:2   | Reached skill level 9 in Fighting
 11085 | Lair:2   | that was insane
 11110 | Lair:2   | Found a staircase to the Shoals.
 11171 | Lair:2   | Gained mutation: You have a pair of large antennae on your
                  | head. (SInv) [demonic ancestry]
 11171 | Lair:2   | Reached XP level 12. HP: 74/85 MP: 10/13
 11233 | Lair:2   | Found a staircase to the Snake Pit.
 11234 | Lair:2   | Noticed Urug
 11245 | Lair:2   | Killed Urug
 11544 | Lair:2   | Reached skill level 10 in Fighting
 11884 | Lair:2   | Noticed an anaconda
 12128 | Lair:3   | wow great stairs
 12546 | D:1      | Bought a +6 ring of dexterity for 360 gold pieces
 12554 | D:1      | Identified a scroll of acquirement
 12554 | D:1      | Acquired the +2 Maxwell's thermic engine {flame, freeze,
                  | rev}
 12554 | D:1      | Found the +2 Maxwell's thermic engine {flame, freeze, rev}
 12778 | Lair:1   | Maxwell's was a good decision
 12779 | Lair:1   | Killed a three-headed hydra
 12836 | Lair:1   | Killed Amaemon
 12837 | Lair:1   | Reached skill level 11 in Fighting
 12850 | Lair:1   | good job Little Buddy
 13069 | Lair:1   | Reached skill level 10 in Armour
 13258 | Lair:1   | Noticed Nergalle
 13531 | Lair:1   | Killed Nergalle
 13615 | Lair:1   | Gained mutation: A weak demonic guardian rushes to your
                  | aid. [demonic ancestry]
 13615 | Lair:1   | Reached XP level 13. HP: 64/96 MP: 11/14
 13904 | Lair:1   | Reached skill level 12 in Fighting
 14136 | Lair:3   | Reached ***** piety under Hepliaklqana
 14329 | Lair:3   | Reached skill level 1 in Dodging
 15175 | Lair:4   | Found a staircase to the Slime Pits.
 15286 | Lair:4   | Reached skill level 5 in Invocations
 16248 | Lair:5   | Entered Level 5 of the Lair of Beasts
 16295 | Lair:5   | Reached skill level 13 in Fighting
 16377 | Lair:5   | Reached skill level 5 in Dodging
 16832 | Lair:5   | Gained mutation: You have hooves in place of feet. [demonic
                  | ancestry]
 16832 | Lair:5   | Reached XP level 14. HP: 41/106 MP: 12/18
 17205 | Snake:1  | Entered Level 1 of the Snake Pit
 17222 | Snake:1  | F
 17668 | D:11     | Found a roughly hewn altar of Beogh.
 17668 | D:11     | Found a staircase to the Orcish Mines.
 17700 | D:11     | wow
 18053 | D:12     | Found Hahalom's Assorted Antiques.
 18343 | Orc:1    | Entered Level 1 of the Orcish Mines
 18371 | Orc:1    | Found a roughly hewn altar of Beogh.
 18402 | Orc:1    | Reached ****** piety under Hepliaklqana
 18517 | Orc:1    | Reached skill level 14 in Fighting
 19349 | Orc:2    | Entered Level 2 of the Orcish Mines
 19349 | Orc:2    | Noticed Maurice
 19363 | Orc:2    | Killed Maurice
 19416 | Orc:2    | Reached skill level 1 in Evocations
 19442 | Orc:2    | Found Qytefi's Antique Weapon Emporium.
 19442 | Orc:2    | Found Lid Ileg's Book Shop.
 19450 | Orc:2    | Found Nehuemm's Antique Armour Boutique.
 19458 | Orc:2    | Found Laley's Magic Scroll Shoppe.
 19474 | Orc:2    | Noticed Nessos
 19793 | Orc:2    | Found a staircase to the Elven Halls.
 19805 | Orc:2    | Killed Nessos
 20187 | Orc:2    | Bought a jewelled scale mail for 288 gold pieces
 20187 | Orc:2    | Identified the +2 scale mail "Vaoguir" {Rampage *Corrode
                  | Int+6} (You bought it in a shop on level 2 of the Orcish
                  | Mines)
 20195 | Orc:2    | Upgraded the game from 0.32-a0-732-ga344392067 to
                  | 0.32-a0-768-g0f6f1dd4b9
 20292 | Shoals:1 | Entered Level 1 of the Shoals
 20724 | Shoals:1 | Noticed Jorgrun
 20738 | Shoals:1 | F
 20741 | Shoals:1 | Killed Jorgrun
 20786 | Shoals:1 | that's it then
 20786 | Shoals:1 | tele'd away from 2 sea snakes into two sea snakes deadly
                  | poisoned
 20786 | Shoals:1 | HP: 5/108 [poisoned by a sea snake]
 20787 | Shoals:1 | Succumbed to a sea snake's poison

Illustrated notes ##### ####...# #####....#.# #.....#♣.@.# ########.....#...## ....>......>.#∩.♣# ########.....#### #......# ###.##.# ## #.#_.# .# #....### .# #.###..# Turn 506 on D:1: what the fuck is this D:1 #... #..# #. .. #..# # #.#..<.# ##..####. #.#....# ##...#... .! ###.##.#.# #......##... #........# #).........# #.#.##...# #...@..# #.#.##...#####...#.# #.#..†.........#....... #.#..##...####.###.#### #.#.......# #.# @# ..........# #.. # .##..†>.>.# #..# .##....#### ##.# .#####.# .# Turn 773 on D:2: wow instant death, really cool #... #..# #. .. #..# # #.#..<.# ##..####. #.#....# ##...#... .! ###.##.#.# #......##... #........# #).........# #.#.##...# #......# #.#.##...#####.@.#.# #.#..†.........#....... #.#..##...####.###@#### ##.#.......# #.# .# #..........# #.. # #.##..†>.>.# #..# #.##....#### ##.# #.#####.# .# ....###.### .# Turn 775 on D:2: LMFAO #.# #.# #.# #.# #.# #.# #.# #@# ##.####### ######......... ..........##### .#####...## ##.## #.# #.# ##'## Turn 1490 on D:3: WHAT THE FUCK IS THIS SEED ... #.# #.# ...{ #.# #.# #.# #@# ###.#### #....<.# #.#.##.# #......# ########..###.## .........## ##.## #######.## ##.########### #.# #...........# Turn 2194 on D:3: this seed is goated # .# ###.#####..# ......O@...# ###.#####.## .[ ## Turn 3188 on D:5: lmao

#...................†....# #ß# #.
##.............#.........# #.# #.
#..........#..####.......# #.# #.
...........##.## ##......###.###.
#.##..........<# #......##...##.
...#...........## ##.....##...##.
....>..........[###......##...##.
.#.............).###.....##...##.
.###...#........@(.......##...##.
.##...##.##....#..#.#............
.#....#####...##.#####...........
......# #......#.####............
.#....# #......§.#.#.#...........
##....####....)......####........
.......###.#......#...#....÷.)...
...........#..#.####...........##
...........####.####....###.#.##


Turn 3193 on D:4: lmao $(....W## ...##.. #.# .#. { #. {.#.#### .# #..# # #..#
##. ##########... ##..5######......[..... #...?.@R.....####...... ##....#####.##
###.<.# ##.........# #...# #.......### ##.## #..#'#.. #.# ...# #. #.# ##.. #.
#.## #.. . .# #.#. .. ##.# #.#. Turn 4739 on D:5: +2 helmet feelsbadman ..####
#.# #.# #.## #.. #..## #.# ##..# # ?.. ###.# #.#.# ....## #.#.##
##...#########.O..# #..........# #@.### ###...####.####R...# ###.####......##.#
#.#.##..##### # #.#.#...# #..>...## ##.....# #....## #...(# Turn 5621 on D:7:
hmm #.## #.. #..## #.# ##..# # ?.. #####.# #.#.# ......## #.#.##
.###...#########.O..# #..........# #{.### ###...####.####....#
###.####...@..##.# #.#.##..##### # #.#.#...# #..>...## ##.....# #....## #...(#
#...... #......# Turn 5624 on D:7: F #####.########.#.# ......# #.#.# #######
#.#.### #.#(.. ##############.#.####.# ........[..............
##########.......##### #.....#R# #.###.#@# ### ##### Turn 6457 on D:8: D1
Barding, D:8 +1 barding #.......# ........# #.# ........# #.# ........######.#.#
.....<............ #####.########.#.# ......# #.#.# ####### #.#.####.##
#.#@....... ##############.#R####.## ........[...............
##########.......####### #.....#.# #.###.#.# ### ##### Turn 6463 on D:8: nagas
in shambles #......# #... #......# #######... #......# #........#
#......#######........# #...................... #$...................#
#.###.##...#.........# #R##.#.#.........# #@##.#.#.........# #y##.#.#.........#
,c{{#.#.#.#####.### .#y...#.... ... .......≈≈≈≈≈ .### .≈ ≈≈≈≈≈.... ..≈ ....)##
w#. .#####. Turn 6613 on D:8: 2d34 Airstrike is nasty .....#....#....
......##....... #.........≈≈≈≈≈≈≈≈#.### ######### #..≈≈≈≈≈≈≈.... ..≈# #
#........ ...≈.....)######.≈#.#####........ .#.≈.#####.....#.≈#.##_..........
.#.≈.#....≈≈≈≈.#.≈..#####........ ...≈.#.≈≈≈...≈.#.≈.. #........
...≈.#.≈_.##.≈.#.≈# ######### R#.≈.#.≈...#.≈.#@≈# #.#. .##.≈.#.≈...#.≈R#Y# #.#.
.##.≈.#.≈≈._#.≈.#Y# #.#. ..#.≈.#...###.≈.#Y# #.#. .##.≈.####....≈.#Y. #.#.
.##.≈.....≈≈≈≈≈.#.. #... ..#.≈≈≈≈≈≈......#.#. ###. .##.......#######.#. #.
.######### #. Turn 7530 on D:8: autumn katana wrecks face ####)###†....#
#)...#.....# #..).#.c...######## #....#............# ##...#............#
#...#.......R....# #...#............# #[..#............# #...#........@...#
#............# #............# ...........# ...........# ...........#
...........# .........$.# Turn 7986 on D:9: D:9 Centaur Warrior ...#...........
......ßD(.....# ### .............. ...#...ß..>..ß$.# ....##.F.......#
#...#.$..ß...# ....#.......# #..###+@# #......R### #..#......# ## #...ß)>.ß##
#.# ####.#.......# ..# ##.....##.ß.##.# ..# #........#.#.### ..#
##.............# ..# #.#...........## Turn 10173 on Lair:1: L:1 8 Headed Hydra
### #@# #...F...... #..4....S.. ..R......... ..#.......... ##............
###....6..?l. #.......... Turn 10177 on Lair:1: L:1 Amaemon with orange demon
### . ..# #. #.. ... { ..#+### .... ......# #.... ......# #..ß..##.....#
#......@.ß..# ...#......D....# ......ßl(.....## ### ..............#
...#...ß..>..ß$.### ....##.........## #...#.$..ß...## ....#.......# #..###+.#
Turn 10182 on Lair:1: LMFAO ..## .#.. P...# ##K$. #...# ##...# #...## #....#
....### #.#..## #....####....# ##...##.P....# ##P........R@.# # #..........?.##
######...........# ..##.....#.#.....# ........#.##.#....# #....######.#.#.....#
#..##.# #####......# #### ## ######## Turn 10493 on Lair:2: Why aren't
demonspawns good at shapeshifting? They literally mutate all the time ... #..
#.. ###.. #####... ###....[. #.....†R# ......†@# ......### ##.#. # Turn 10661 on
Lair:2: terrifying #...P## #.># ..... #.....## #.c######......## .......#
#...#P#....#P...# ......## #Sc.....# #...# .......# #..K...## #...## .......###
##.....# ....# .........# ##.÷..P# #... ........## ###P.÷...# ##..
.........####.#.@.§..## ##P.. .........##..#...)....### #....
.................##.#...######... ...............#######....##.....
...............# ##.........# ..............P# ###....#### ..............##
#..##.# ...............# #### ## ..............## Turn 10893 on Lair:2: you are
shitting me ###.### ##.......# #...#P #P..#§§ #......†## #.... #...+B§
##........# #.... ##...#W§ ###.........### ##c.. #P...#####.............# ##Kc.
##....................## ###.S÷. ##P#..................####.#...<
###............R.....##..#...). ##(..........@..............##
####.........................#### #............................#
............................P# .[###.#.....................## #.#
####.....................# ### #.....................## ##....................#
#.....................# Turn 11085 on Lair:2: that was insane .....##.##
#..S.F.#.# # #.......$ P. .......#?.P #.P......P###S ~~♣♣#.............
P~P~.....................##..... #..............#####..... #.####...P######
#####. # ###.## #. Turn 12778 on Lair:1: Maxwell's was a good decision ....
....# ... #.. #.##.## #.. #.....P## #.. ###.....#### #.. .####.#####.##.# ####.#
#.......<.R....# ##{l... #..............# #{..D.. #.......@......# ##......
#..............###.#..... #..............#......... >.................##.....
#..............#####..... #.####...P###### #####. # ###.## #. #.## #. #..# ###
Turn 12850 on Lair:1: good job Little Buddy { #.# #.# #.# #.# ###.# #<).#
#######)# ......)$# #######@# #N# #N# #.# #.# #.# ... ..# Turn 17222 on Snake:1:
F ................... #......>.........# #................#
############.###.......# ....>.....)#..####...... ...........#.#####...##.
.).._)$⌠...#.###........ .....!.)4..#............ ....ß))@R))#............
'ß#####ß)ß###........... .......[.............<. .....##................
.###................... ###...............## ##...............†.#
.................†... .................#... Turn 17700 on D:11: wow
≈~~~~~~~~~~~~. ~~~~~~~~~~~~(. ~~~~ ~~~~~~~~~~... ~~~~~ ..~~~~~~~... ~~~..
..~~~~~~... ~~~~~~. (.~~~~~~~~ ~~~≈~~~.# #)~~~~:~~~ ≈≈≈≈~~~~.###@~g~~~~~~
≈≈≈~~~~~~~...~§§(~~~~( ~~~~~P~~.....~~~~~~~~~ ~~PP~~....#.~~~~~~~~~~
~PP~~~~~P...~~~~~~~~~~ .PP~~~~~......~~~~~~~~ .~~~~~~....#...~~~~~~~
~~~..P.....###..~~~~~~ ~~~P......## #..~~~~~~ Turn 20738 on Shoals:1: F ≈≈≈~~~.
. ≈≈~~~.# .## #.≈ ~~~~~.###.#. #.# ~~~~.(....#.. #.. ~~~~......#... #.#
~~~.......##..##.# ~~.S~~...........# §..S.†...........# ..S.......P.P.PS@#
~~...............# ~m~...(.......P.S' ~~~...........P..'. { {
.~~.......P...P..#S. ~.........P.P....#... .................##+##
...~~~~~.........# ...~~~~~~. Turn 20786 on Shoals:1: that's it then

Levels and vault maps discovered:
D:1:      minmay_arrival_arboretum_small, layout_loops_ring, serial_shops,
          nicolae_shop_pleasant_corner_grove, shop,
          nicolae_shop_tiny_real_fake_doors, basic_ecumenical_altar,
          nicolae_nh_oracle_at_delphi
D:2:      layout_loops_cross, uniq_sigmund, uniq_jessica, uniq_robin
D:3:      layout_loops_corners, uniq_terence
D:4:      layout_cave_pools, grunt_ministairs_15, chequers_jeans
D:5:      layout_loops_ring, kennysheep_mini_moat, minmay_temple_entry_trees,
          mainiacjoe_ossuary_entry_dusty_tomb, gammafunk_ghost_smash,
          serial_shops, nicolae_shop_pleasant_corner_grove,
          chequers_serial_rivers_micro_a, ebering_dispersal_statue_hall,
          uniq_eustachio, uniq_grinder, uniq_prince_ribbit1, uniq_duvessa,
          uniq_menkaure, uniq_pikel
D:6:      layout_basic, serial_shops, nicolae_shop_pleasant_corner_grove,
          minmay_misc_feat_diagonals, amcnicky_mini_corridor_feature
D:7:      layout_basic
D:8:      layout_basic, lemuel_zombie_altar_yredelemnul,
          nicolae_overflow_squiral, serial_shops, nicolae_diamond_shop,
          amcnicky_mini_rare_corridor_liquid, uniq_gastronok
D:9:      layout_gridville, grunt_temple_overflow_gold_and_silver,
          gammafunk_temple_overflow_statue, serial_shops,
          nicolae_shop_behind_doors, gammafunk_ghost_berserking_beasts,
          nicolae_stop_n_shop_1
D:10:     layout_gridville, dpeg_lair_monsters, minmay_joined_circles, uniq_grum
D:11:     layout_cave_pools, david_orc_5
D:12:     layout_cave_pools, gammafunk_ghost_necromancy, serial_shops, shop
Temple:   nicolae_temple_bog_church
Lair:1:   layout_roguey, lightli_volcano_entry_magma_tube, grunt_megastairs_3,
          uniq_nergalle, uniq_amaemon
Lair:2:   layout_layer_cave, minmay_shoals_entry_centaurs,
          guppyfry_snake_entry_island, ebering_ghost_inner_flame,
          hellmonk_talismancer, uniq_urug, uniq_sonja
Lair:3:   layout_misc_corridors, serial_bayou_lake_a
Lair:4:   layout_gridlike, nicolae_slime_entry_slimehenge,
          bobbens_ice_dragon_lair, serial_bayou_shore_b, serial_bayou_shore_b,
          grunt_megastairs_5
Lair:5:   minmay_lair_end_enchanted_forest, layout_long_grid,
          small_statue_intersection, gammafunk_lair_bear_cave
Shoals:1: cheibrodos_shoals_three_sisters, layout_shoals, lemuel_centaur_altar,
          uniq_jorgrun
Snake:1:  layout_basic, st_stairs_1, minmay_shoptagon, uniq_mlioglotl
Orc:1:    nicolae_orc_accident_1, layout_caves, basic_altar,
          nicolae_orc_bridge_out
Orc:2:    st_orc_rangers, layout_caves, uniq_nessos, uniq_maurice

Skill      XL: |  1  2  3  4  5  6  7  8  9 10 11 12 13 14 |
---------------+-------------------------------------------+-----
Axes           | 2 3 4 |  4.2
Shields        | 3 4 5 6 7 |  7.0
Fighting       | 4 5 7 9 11 13 14 | 14.6
Long Blades    | 2 6 7 9 11 12 13 | 13.3
Armour         | 4 6 7 10 | 10.8
Throwing       | 2 |  2.5
Invocations    | 2 6 |  6.0
Dodging        | 5 7 |  7.8
Evocations     | 3 |  3.0

Action                     |  1- 3 |  4- 6 |  7- 9 | 10-12 | 13-15 || total
---------------------------+-------+-------+-------+-------+-------++-------
  Melee: War axe           |    77 |    59 |       |       |       ||   136
         Katana            |       |    58 |   270 |   465 |   574 ||  1367
         Kick              |       |       |       |    61 |   104 ||   165
         Double sword      |       |       |       |     8 |    94 ||   102
  Throw: Dart              |       |       |     2 |     7 |    15 ||    24
 Invoke: Ancestor Life: He |       |       |     1 |       |       ||     1
         Ancestor Identity |       |       |     1 |       |       ||     1
         Recall Ancestor   |       |       |       |     5 |     2 ||     7
         Idealise          |       |       |       |       |     1 ||     1
  Evoke: Wand              |       |       |     3 |    15 |     6 ||    24
    Use: Potion            |     3 |       |     2 |     7 |     6 ||    18
         Scroll            |       |       |     1 |    26 |     8 ||    35
   Stab: Confused          |       |       |     1 |     8 |    33 ||    42
         Distracted        |       |       |       |     2 |    10 ||    12
 Armour: Scale mail        |    52 |    49 |       |       |       ||   101
         Skin              |     7 |       |       |       |       ||     7
         Chain mail        |       |    19 |   194 |   333 |   362 ||   908
  Dodge: Dodged            |    34 |    55 |    64 |   119 |   225 ||   497
  Block: Buckler           |    14 |    23 |    49 |    97 |   152 ||   335

Table legend: (Time is in decaauts)
 A = Elapsed time spent in this place.
 B = Non-inter-level travel time spent in this place.
 C = Inter-level travel time spent in this place.
 D = Time resting spent in this place.
 E = Time spent auto-exploring this place.
 F = Levels seen in this place.
 G = Mean time per level.
                   A        B        C        D        E       F      G
               +--------+--------+--------+--------+--------+-----+--------+
         Total |  20603 |  18899 |   1704 |   2994 |  11302 |  23 |  895.8 |
       Dungeon |  10990 |   9844 |   1146 |    801 |   6870 |  12 |  915.8 |
        Temple |     25 |     15 |     10 |      0 |      0 |   1 |   25.0 |
          Lair |   6963 |   6539 |    424 |   1747 |   3243 |   5 | 1392.6 |
        Shoals |    489 |    489 |      0 |    238 |     18 |   1 |  489.0 |
     Snake Pit |     23 |     23 |      0 |      0 |      0 |   1 |   23.0 |
  Orcish Mines |   1842 |   1718 |    124 |    197 |   1106 |   2 |  921.0 |
       Ossuary |    268 |    268 |      0 |     10 |     64 |   1 |  268.0 |
               +--------+--------+--------+--------+--------+-----+--------+

Top non-repeatable levels by time:
  Lair:2: 2338 daAuts
  Lair:1: 1474 daAuts
  Lair:4: 1366 daAuts
     D:8: 1261 daAuts
    D:10: 1256 daAuts
     D:3: 1202 daAuts
   Orc:1: 1178 daAuts
     D:9: 1145 daAuts
     D:5: 1080 daAuts
  Lair:3: 953 daAuts
     D:1: 940 daAuts
     D:7: 932 daAuts
  Lair:5: 831 daAuts
     D:2: 820 daAuts
     D:6: 796 daAuts
